BLB
CALIFORNIA KODIAKS @ DENVER BULLS
07/21/2059
 
TOP OF THE 1ST
California Kodiaks batting - Pitching for Denver Bulls : RHP Dwan Tamarovsky
Pitching: RHP Dwan Tamarovsky
Batting: RHB C.J. Spicer 0-0: Ball
1-0: Ball
2-0: Called Strike
2-1: Ball
3-1: Called Strike
3-2: Strikes out swinging
Batting: LHB Stephen Caskey 0-0: Ball
1-0: Ball
2-0: Ball
3-0: Hit by Pitch
Batting: RHB Stan Sikes 0-0: Called Strike
0-1: Called Strike
Stephen Caskey is caught stealing 2nd base 2-4
0-2: Ball
1-2: Reached on error, E5 (Groundball, 25, EV 85.6 MPH)
Batting: RHB Spencer Stephens Pickoff Throw to First - Error! E1
Stan Sikes to second
0-0: Ball
1-0: Ball
2-0: Called Strike
2-1: DOUBLE (Flyball, 89D, EV 101.2 MPH)
Stan Sikes scores
Batting: RHB Hayden Cornett 0-0: Ball
1-0: Ball
2-0: Called Strike
2-1: Called Strike
2-2: Foul Ball, location: 2F
2-2: Strikes out looking
Top of the 1st over - 1 run, 1 hit, 2 errors, 1 left on base; California 1 - Denver 0
BOTTOM OF THE 1ST
Denver Bulls batting - Pitching for California Kodiaks : RHP Bobby Ferguson
Pitching: RHP Bobby Ferguson
Batting: LHB Johnathan Wang 0-0: Swinging Strike
0-1: Called Strike
0-2: Ball
1-2: Ball
2-2: Strikes out swinging
Batting: RHB Dalton Brown 0-0: Ball
1-0: Called Strike
1-1: Ball
2-1: Ball
3-1: SINGLE (Line Drive, 89S, EV 110.0 MPH)
Batting: LHB Michael Hughes 0-0: Called Strike
0-1: Swinging Strike
0-2: Strikes out swinging
Batting: LHB Tommy Tuten 0-0: Called Strike
Dalton Brown steals 2nd base
0-1: Foul Ball, location: 2F
0-2: Hit by Pitch
Batting: SHB J.J. Evans 0-0: Ball
1-0: Called Strike
1-1: Foul Ball, location: 2F
1-2: Strikes out swinging
Bottom of the 1st over - 0 runs, 1 hit, 0 errors, 2 left on base; California 1 - Denver 0
TOP OF THE 2ND
California Kodiaks batting - Pitching for Denver Bulls : RHP Dwan Tamarovsky
Batting: RHB Frank Memmi 0-0: Ball
1-0: Ball
2-0: Called Strike
2-1: Foul Ball, location: 2F
2-2: Fly out, F8 (Line Drive, 8LM, EV 89.4 MPH)
Batting: LHB Joey Robertson 0-0: Ball
1-0: Ball
2-0: Ball
3-0: Called Strike
3-1: Called Strike
3-2: Base on Balls
Batting: RHB Al Wagner 0-0: Swinging Strike
0-1: Foul Ball, location: 2F
0-2: Strikes out swinging
Batting: RHB Caron Wilson 0-0: Ball
1-0: Foul Ball, location: 2F
1-1: Fly out, F7 (Flyball, 7, EV 79.4 MPH)
Top of the 2nd over - 0 runs, 0 hits, 0 errors, 1 left on base; California 1 - Denver 0
BOTTOM OF THE 2ND
Denver Bulls batting - Pitching for California Kodiaks : RHP Bobby Ferguson
Batting: RHB James Wilson 0-0: Called Strike
0-1: Called Strike
0-2: SINGLE (Line Drive, 8LS, EV 91.2 MPH)
Batting: RHB Bert Thoma 0-0: Foul Ball, location: 2F
0-1: Ball
1-1: Grounds into double play, 5-4-3 (Groundball, 5L, EV 103.8 MPH)
Batting: SHB T.J. Carter 0-0: Foul Ball, location: 2F
0-1: Called Strike
0-2: Strikes out swinging
Bottom of the 2nd over - 0 runs, 1 hit, 0 errors, 0 left on base; California 1 - Denver 0
TOP OF THE 3RD
California Kodiaks batting - Pitching for Denver Bulls : RHP Dwan Tamarovsky
Batting: RHB C.J. Spicer 0-0: Foul Ball, location: 2F
0-1: Foul Ball, location: 3F, Error on foul ball, E3
0-2: Ball
1-2: Ball
2-2: Foul Ball, location: 2F
2-2: Foul Ball, location: 2F
2-2: Foul Ball, location: 2F
2-2: DOUBLE (Line Drive, 89D, EV 110.0 MPH)
Batting: LHB Stephen Caskey 0-0: Swinging Strike
0-1: Ground out U3 (Groundball, 34S, EV 64.4 MPH)
C.J. Spicer to third
Batting: RHB Stan Sikes 0-0: Ball
1-0: Ball
2-0: Called Strike
2-1: Swinging Strike
2-2: Foul Ball, location: 2F
2-2: Ground out 6-3 (Groundball, 6, EV 79.4 MPH)
C.J. Spicer scores
Batting: RHB Spencer Stephens 0-0: Ball
1-0: Fly out, F8 (Flyball, 89S, EV 75.0 MPH)
Top of the 3rd over - 1 run, 1 hit, 1 error, 0 left on base; California 2 - Denver 0
BOTTOM OF THE 3RD
Denver Bulls batting - Pitching for California Kodiaks : RHP Bobby Ferguson
Batting: SHB Sage Reinisch 0-0: Called Strike
0-1: Foul Ball, location: 2F
0-2: Strikes out swinging, 2-3 out at first.
Batting: LHB Johnathan Wang 0-0: Called Strike
0-1: Ball
1-1: Ball
2-1: SINGLE (Line Drive, 89S, EV 106.9 MPH)
Batting: RHB Dalton Brown 0-0: Called Strike
0-1: Ball
1-1: Foul Ball, location: 3F, Error on foul ball, E3
1-2: Grounds into double play, 6-4-3 (Groundball, 6M, EV 104.4 MPH)
Bottom of the 3rd over - 0 runs, 1 hit, 1 error, 0 left on base; California 2 - Denver 0
TOP OF THE 4TH
California Kodiaks batting - Pitching for Denver Bulls : RHP Dwan Tamarovsky
Batting: RHB Hayden Cornett 0-0: Swinging Strike
0-1: Ball
1-1: Fly out, F8 (Flyball, 8RD, EV 98.8 MPH)
Batting: RHB Frank Memmi 0-0: Ground out 6-3 (Groundball, 6, EV 92.5 MPH)
Batting: LHB Joey Robertson 0-0: Ball
1-0: Ball
2-0: Foul Ball, location: 2F
2-1: SINGLE (Line Drive, 8RS, EV 92.5 MPH)
Batting: RHB Al Wagner 0-0: Ball
1-0: Fly out, F7 (Flyball, 78D, EV 102.5 MPH)
Top of the 4th over - 0 runs, 1 hit, 0 errors, 1 left on base; California 2 - Denver 0
BOTTOM OF THE 4TH
Denver Bulls batting - Pitching for California Kodiaks : RHP Bobby Ferguson
Batting: LHB Michael Hughes 0-0: Ball
1-0: Reached on error, E3 (Groundball, 34S, EV 77.5 MPH)
Batting: LHB Tommy Tuten 0-0: Ball
1-0: Called Strike
1-1: Ball
2-1: Called Strike
2-2: Strikes out swinging
Batting: SHB J.J. Evans 0-0: Ball
1-0: Grounds into double play, 4-6-3 (Groundball, 4, EV 85.6 MPH)
Bottom of the 4th over - 0 runs, 0 hits, 1 error, 0 left on base; California 2 - Denver 0
TOP OF THE 5TH
California Kodiaks batting - Pitching for Denver Bulls : RHP Dwan Tamarovsky
Batting: RHB Caron Wilson 0-0: Foul Ball, location: 2F
0-1: Ball
1-1: SINGLE (Line Drive, 89M, EV 99.4 MPH)
Batting: RHB C.J. Spicer 0-0: Called Strike
0-1: Ball
1-1: Swinging Strike
1-2: Strikes out swinging
Batting: LHB Stephen Caskey 0-0: Ball
1-0: Foul Ball, location: 2F
1-1: Ball
2-1: Foul Ball, location: 2F
2-2: SINGLE (Groundball, 13, EV 92.5 MPH) (infield hit)
Caron Wilson to second
Batting: RHB Stan Sikes 0-0: Ball
1-0: Called Strike
1-1: Foul Ball, location: 2F
1-2: Strikes out looking
Batting: RHB Spencer Stephens 0-0: Ball
1-0: SINGLE (Flyball, 3D, EV 88.1 MPH)
Caron Wilson to third
Stephen Caskey to second
Runner from 3rd tries for Home, throw by RF and OUT! 9-2
Top of the 5th over - 0 runs, 3 hits, 0 errors, 2 left on base; California 2 - Denver 0
BOTTOM OF THE 5TH
Denver Bulls batting - Pitching for California Kodiaks : RHP Bobby Ferguson
Batting: RHB James Wilson 0-0: Called Strike
0-1: Ball
1-1: Foul Ball, location: 2F
1-2: Ball
2-2: Strikes out swinging
Batting: RHB Bert Thoma 0-0: Ball
1-0: Called Strike
1-1: Swinging Strike
1-2: Ground out 6-3 (Groundball, 6S, EV 82.5 MPH)
Batting: SHB T.J. Carter 0-0: Called Strike
0-1: Ball
1-1: Foul Ball, location: 2F
1-2: Strikes out swinging
Bottom of the 5th over - 0 runs, 0 hits, 0 errors, 0 left on base; California 2 - Denver 0
TOP OF THE 6TH
California Kodiaks batting - Pitching for Denver Bulls : RHP Dwan Tamarovsky
Batting: RHB Hayden Cornett 0-0: Called Strike
0-1: Foul Ball, location: 2F
0-2: Strikes out swinging
Batting: RHB Frank Memmi 0-0: Swinging Strike
0-1: Ball
1-1: Foul Ball, location: 2F
1-2: Foul Ball, location: 2F
1-2: Foul Ball, location: 2F
1-2: Ball
2-2: Strikes out swinging
Batting: LHB Joey Robertson 0-0: Ball
1-0: Called Strike
1-1: Called Strike
1-2: Ball
2-2: Fly out, F7 (Line Drive, 7LM, EV 95.6 MPH)
Top of the 6th over - 0 runs, 0 hits, 0 errors, 0 left on base; California 2 - Denver 0
BOTTOM OF THE 6TH
Denver Bulls batting - Pitching for California Kodiaks : RHP Bobby Ferguson
Batting: SHB Sage Reinisch 0-0: Ball
1-0: Foul Ball, location: 2F
1-1: Foul Ball, location: 2F
1-2: Ball
2-2: DOUBLE (Groundball, 3L, EV 103.8 MPH)
Batting: LHB Johnathan Wang 0-0: Fly out, F9 (Flyball, 9S, EV 90.0 MPH)
Batting: RHB Dalton Brown 0-0: Ball
1-0: Called Strike
1-1: Swinging Strike
1-2: Foul Ball, location: 2F
1-2: Foul Ball, location: 2F
1-2: Ball
2-2: Ball
3-2: Foul Ball, location: 2F
3-2: Fly out, F3 (Line Drive, 3, EV 65.0 MPH)
Batting: LHB Michael Hughes 0-0: Called Strike
0-1: Swinging Strike
0-2: Ball
1-2: Foul Ball, location: 2F
1-2: Ball
2-2: Strikes out swinging
Bottom of the 6th over - 0 runs, 1 hit, 0 errors, 1 left on base; California 2 - Denver 0
TOP OF THE 7TH
California Kodiaks batting - Pitching for Denver Bulls : RHP Dwan Tamarovsky
Batting: RHB Al Wagner 0-0: Swinging Strike
0-1: Ball
1-1: Ball
2-1: Swinging Strike
2-2: Strikes out looking
Batting: RHB Caron Wilson 0-0: Fly out, F7 (Line Drive, 7S, EV 102.5 MPH)
Batting: RHB C.J. Spicer 0-0: Ball
1-0: Called Strike
1-1: SINGLE (Line Drive, 56D, EV 100.6 MPH)
Batting: LHB Stephen Caskey 0-0: Ground out 4-3 (Groundball, 4, EV 96.2 MPH)
Top of the 7th over - 0 runs, 1 hit, 0 errors, 1 left on base; California 2 - Denver 0
BOTTOM OF THE 7TH
Denver Bulls batting - Pitching for California Kodiaks : RHP Bobby Ferguson
Batting: LHB Tommy Tuten 0-0: Ball
1-0: Swinging Strike
1-1: Called Strike
1-2: Foul Ball, location: 2F
1-2: Foul Ball, location: 2F
1-2: Ball
2-2: Foul Ball, location: 2F
2-2: Strikes out looking
Batting: SHB J.J. Evans 0-0: Called Strike
0-1: Foul Ball, location: 2F
0-2: Ball
1-2: Ground out U3 (Groundball, 3, EV 101.9 MPH)
Batting: RHB James Wilson 0-0: Swinging Strike
0-1: Foul Ball, location: 2F
0-2: Hit by Pitch
Batting: RHB Bert Thoma 0-0: Ball
1-0: Fly out, F7 (Flyball, 7LM, EV 85.0 MPH)
Bottom of the 7th over - 0 runs, 0 hits, 0 errors, 1 left on base; California 2 - Denver 0
TOP OF THE 8TH
California Kodiaks batting - Pitching for Denver Bulls : RHP Dwan Tamarovsky
Batting: RHB Stan Sikes 0-0: Ball
1-0: Called Strike
1-1: DOUBLE (Flyball, 8RXD, EV 94.4 MPH)
Batting: RHB Spencer Stephens 0-0: SINGLE (Groundball, 6MD, EV 93.8 MPH)
Stan Sikes to third
Runner from 3rd tries for Home, SAFE, throw by CF to home
Batting: RHB Hayden Cornett 0-0: Ball
1-0: Fly out, F7 (Flyball, 7S, EV 96.9 MPH)
Batting: RHB Frank Memmi 0-0: Called Strike
0-1: Foul Ball, location: 2F
0-2: Strikes out looking
Batting: LHB Joey Robertson 0-0: Ball
1-0: Ball
2-0: 2-RUN HOME RUN (Flyball, 9LD, EV 107.5 MPH), Distance : 391 ft
Batting: RHB Al Wagner 0-0: SOLO HOME RUN (Flyball, 78XD, EV 107.5 MPH), Distance : 432 ft
Batting: RHB Caron Wilson 0-0: Foul Ball, location: 2F
0-1: Fly out, F7 (Line Drive, 7LS, EV 93.1 MPH)
Top of the 8th over - 4 runs, 4 hits, 0 errors, 0 left on base; California 6 - Denver 0
BOTTOM OF THE 8TH
Denver Bulls batting - Pitching for California Kodiaks : RHP Bobby Ferguson
Batting: SHB T.J. Carter 0-0: Foul Ball, location: 2F
0-1: Ground out 6-3 (Groundball, 4M, EV 86.2 MPH)
Batting: SHB Sage Reinisch 0-0: Ball
1-0: Swinging Strike
1-1: Ball
2-1: Foul Ball, location: 2F
2-2: Strikes out swinging
Batting: LHB Johnathan Wang 0-0: Ground out 6-3 (Groundball, 6M, EV 83.1 MPH)
Bottom of the 8th over - 0 runs, 0 hits, 0 errors, 0 left on base; California 6 - Denver 0
TOP OF THE 9TH
California Kodiaks batting - Pitching for Denver Bulls : RHP Dwan Tamarovsky
Pitching: LHP Colby Saunders
Batting: RHB C.J. Spicer 0-0: Called Strike
0-1: Ball
1-1: Swinging Strike
1-2: Ball
2-2: Strikes out looking
Batting: LHB Stephen Caskey 0-0: Foul Ball, location: 2F
0-1: Ball
1-1: Called Strike
1-2: Ball
2-2: Fly out, F7 (Flyball, 7, EV 88.8 MPH)
Batting: RHB Stan Sikes 0-0: Ball
1-0: Foul Ball, location: 2F
1-1: Called Strike
1-2: Strikes out looking
Top of the 9th over - 0 runs, 0 hits, 0 errors, 0 left on base; California 6 - Denver 0
BOTTOM OF THE 9TH
Denver Bulls batting - Pitching for California Kodiaks : RHP Bobby Ferguson
Batting: RHB Dalton Brown 0-0: Swinging Strike
0-1: Foul Ball, location: 2F
0-2: Ground out 4-3 (Groundball, 4, EV 91.2 MPH)
Pitching: RHP Peyton Gerber
Batting: LHB Michael Hughes 0-0: Ball
1-0: Called Strike
1-1: Foul Ball, location: 2F
1-2: Strikes out swinging
Batting: LHB Tommy Tuten 0-0: SINGLE (Groundball, 4M, EV 94.4 MPH)
Batting: SHB J.J. Evans 0-0: Ground out 4-3 (Groundball, 34, EV 79.4 MPH)
Bottom of the 9th over - 0 runs, 1 hit, 0 errors, 1 left on base; California 6 - Denver 0
Sunday, March 17th , 2024 - OOTP Baseball 23.10 Build 110